Map: Blackpink LE

Players

KomAN - Winner!

  • Race: Protoss Protoss
  • Spawn Location: 7:00

axu

  • Race: Protoss Protoss
  • League: Platinum
  • Spawn Location: 1:00

VOD

Have the link to the VOD?

Description

Time

  • Played on: April 11, 2018, 2:58 p.m.
  • Length: 7:04
Show
View Real Time Build Order
Export as new Build Order

KomAN Protoss - Winner!

Build Orders:  

Get SALT Encoding   

  12  0:01  Probe (Chrono Boost)  
  13  0:10  Probe (Chrono Boost)  
  14  0:15  Probe (Chrono Boost)  
  15  0:24  Pylon  
  15  0:42  Probe  
  16  0:48  Forge  
  16  0:54  Probe  
  17  0:59  Pylon  
  17  1:06  Probe  
  17  1:08  Assimilator  
  18  1:14  Pylon  
  18  1:26  Probe (Chrono Boost)  
  19  1:35  Probe (Chrono Boost)  
  19  1:36  Pylon  
  20  1:40  Probe (Chrono Boost)  
  20  1:46  Photon Cannon  
  21  1:55  Photon Cannon  
  21  2:02  Pylon  
  21  2:09  Assimilator  
  21  2:12  Assimilator  
  21  2:22  Photon Cannon  
  21  2:29  Photon Cannon  
  21  2:47  Pylon  
  21  2:50  Pylon  
  21  2:51  Photon Cannon  
  21  3:05  Pylon  
  21  3:14  Photon Cannon  
  21  3:20  Photon Cannon  
  21  3:27  Photon Cannon  
  21  3:44  Gateway  
  21  3:45  Pylon  
  21  4:00  Probe (Chrono Boost)  
  21  4:01  Photon Cannon  
  23  4:10  Probe (Chrono Boost)  
  23  4:20  Photon Cannon  
  23  4:25  Probe (Chrono Boost)  
  24  4:34  Probe (Chrono Boost)  
  25  4:46  Photon Cannon  
  25  5:00  Pylon  
  25  5:09  Photon Cannon  
  25  5:16  Zealot, Cybernetics Core  
  27  5:29  Photon Cannon  
  27  5:37  Photon Cannon  
  27  5:43  Zealot  
  29  6:08  Pylon  
  29  6:18  Nexus  
  29  6:33  Pylon  
  29  6:47  Photon Cannon  
  29  6:53  Pylon  
  29  6:54  Pylon  
  29  6:55  Pylon  
Show
View Real Time Build Order
Export as new Build Order

axu Protoss 

Build Orders:  

Get SALT Encoding   

  12  0:01  Probe  
  13  0:13  Probe  
  14  0:20  Pylon  
  14  0:26  Probe  
  15  0:38  Probe  
  15  0:42  Gateway  
  16  0:50  Probe  
  16  0:53  Assimilator  
  17  1:02  Probe  
  18  1:17  Gateway  
  17  1:34  Zealot  
  17  1:37  Cybernetics Core  
  17  1:39  Probe  
  20  1:44  Pylon  
  20  1:55  Pylon  
  20  2:13  Stalker x2 (Chrono Boost)  
  24  2:25  Probe  
  25  2:37  Stalker x2 (Chrono Boost)  
  21  3:30  Robotics Facility  
  1  4:20  Zealot x2  
  5  4:37  Pylon  
  5  5:02  Pylon  
  5  5:18  Pylon  
Tags
 
League
Platinum
Matchup
PvP
Spawn Locations
Cross Positions
Add a new tag
Caveats
  • Supply blocks, unpowered buildings, or Contaminate may cause inaccurate times.
  • Supply counts are checked every 10 seconds.